[ AOE2 MATCH · #490731796 ]
UnrankedSpanish vs Bulgarians
Player's team · WIN
[ REPLAY ANALYSIS · EXTRACTED FROM THE RECORDED GAME ]
Feudal
9:17
Castle
22:06
Imperial
—
| APM avg | 43.6 |
| APM peak | 79 |
| eAPM avg | 21.1 |
| Villagers / military | 118 / 51 |
Focus
⚔️ 27.6% · 🌾 72.4%
Knight ×37 · Archer ×8 · Militia ×5 · Battering Ram ×1
Feudal
9:39
Castle
22:59
Imperial
—
| APM avg | 26.0 |
| APM peak | 63 |
| eAPM avg | 14.7 |
| Villagers / military | 97 / 78 |
Focus
⚔️ 33.4% · 🌾 66.6%
Militia ×52 · Skirmisher ×16 · Spearman ×4 · Monk ×3 · Konnik ×3
Match map
Initial resources + every placement click. Lines = walls · curves = elevation contours. ◆ gold · ⬟ stone · ● berries · ✦ relic · ◌ wall gap
Your base· ✓ Closed at 22:06 · 34t walls · 1 gate(s)
Lorenzo_Medici's base· Open — 4t gap
Smoothed initial terrain · ◌ = detected wall gap · hover for details
Inputs per minute
— CTM | Crawly94 - - Lorenzo_Medici
Build order — CTM | Crawly94
First 150 of 309 actions detected
| 0:01 | Create | Villager (Male) |
| 0:01 | Create | Villager (Male) |
| 0:02 | Build | House |
| 0:03 | Build | House |
| 0:03 | Create | Villager (Male) |
| 0:03 | Create | Villager (Male) |
| 1:26 | Create | Villager (Male) |
| 1:43 | Build | Lumber Camp |
| 2:01 | Create | Villager (Male) |
| 2:20 | Create | Villager (Male) |
| 2:53 | Create | Villager (Male) |
| 3:19 | Create | Villager (Male) |
| 3:19 | Create | Villager (Male) |
| 3:26 | Build | House |
| 4:05 | Build | Mill |
| 4:09 | Create | Villager (Male) |
| 4:09 | Create | Villager (Male) |
| 4:25 | Create | Villager (Male) |
| 5:05 | Create | Villager (Male) |
| 5:06 | Create | Villager (Male) |
| 5:06 | Create | Villager (Male) |
| 5:26 | Create | Villager (Male) |
| 6:24 | Research | Loom |
| 7:07 | Research | Feudal Age |
| 7:22 | Build | Barracks |
| 7:41 | Create | Villager (Male) |
| 7:47 | Build | Mining Camp |
| 7:50 | Build | House |
| 8:04 | Build | House |
| 8:07 | Create | Militia |
| 8:08 | Create | Militia |
| 8:21 | Build | Palisade Wall |
| 8:58 | Create | Militia |
| 8:58 | Create | Militia |
| 9:04 | Build | House |
| 9:08 | Create | Villager (Male) |
| 9:17 | Age | Feudal Age |
| 9:19 | Build | House |
| 9:20 | Build | House |
| 9:40 | Build | Palisade Gate |
| 9:43 | Build | Palisade Wall |
| 9:49 | Research | Man-at-Arms (upgrade) |
| 9:56 | Build | House |
| 10:24 | Create | Villager (Male) |
| 10:24 | Create | Villager (Male) |
| 10:37 | Build | Palisade Wall |
| 10:40 | Build | Palisade Wall |
| 10:47 | Build | Farm |
| 11:07 | Create | Villager (Male) |
| 11:38 | Create | Villager (Male) |
| 11:39 | Create | Villager (Male) |
| 11:52 | Build | Farm |
| 11:52 | Build | Farm |
| 11:53 | Build | Farm |
| 11:53 | Build | Farm |
| 11:53 | Build | Farm |
| 12:19 | Create | Villager (Male) |
| 12:31 | Research | Double-Bit Axe |
| 12:55 | Build | Archery Range |
| 13:11 | Create | Villager (Male) |
| 13:26 | Create | Archer |
| 13:27 | Create | Archer |
| 13:27 | Create | Archer |
| 13:40 | Build | Farm |
| 13:40 | Build | Farm |
| 13:59 | Build | Lumber Camp |
| 14:02 | Create | Villager (Male) |
| 14:02 | Create | Villager (Male) |
| 14:15 | Create | Villager (Male) |
| 14:33 | Create | Villager (Male) |
| 14:50 | Build | Blacksmith |
| 14:59 | Create | Archer |
| 15:00 | Create | Villager (Male) |
| 15:01 | Create | Villager (Male) |
| 15:10 | Build | House |
| 15:11 | Build | House |
| 15:11 | Build | House |
| 15:28 | Create | Villager (Male) |
| 16:07 | Research | Fletching |
| 16:07 | Research | Fletching |
| 16:08 | Create | Villager (Male) |
| 16:15 | Build | Farm |
| 16:15 | Build | Farm |
| 16:16 | Build | Farm |
| 16:16 | Build | Farm |
| 16:21 | Create | Militia |
| 16:26 | Create | Archer |
| 16:32 | Build | House |
| 16:35 | Build | Market |
| 16:44 | Create | Villager (Male) |
| 16:45 | Create | Villager (Male) |
| 16:49 | Create | Archer |
| 16:59 | Create | Villager (Male) |
| 17:07 | Build | Palisade Wall |
| 17:15 | Create | Archer |
| 17:15 | Create | Archer |
| 17:46 | Build | Farm |
| 17:46 | Build | Farm |
| 17:47 | Build | Farm |
| 17:47 | Build | Farm |
| 17:49 | Create | Villager (Male) |
| 18:40 | Create | Villager (Male) |
| 19:26 | Research | Castle Age |
| 19:46 | Build | Stable |
| 19:47 | Build | Stable |
| 19:56 | Build | Lumber Camp |
| 20:13 | Research | Scale Barding Armor |
| 20:30 | Build | Farm |
| 20:31 | Build | Farm |
| 20:38 | Build | Farm |
| 20:42 | Build | Farm |
| 20:45 | Build | Farm |
| 20:48 | Build | House |
| 20:49 | Build | House |
| 20:50 | Build | House |
| 20:51 | Build | House |
| 21:01 | Research | Gold Mining |
| 21:16 | Create | Villager (Male) |
| 21:16 | Create | Villager (Male) |
| 21:27 | Build | Farm |
| 21:31 | Build | Farm |
| 21:48 | Research | Bloodlines |
| 22:06 | Age | Castle Age |
| 22:06 | Create | Knight |
| 22:06 | Create | Knight |
| 22:20 | Create | Knight |
| 22:22 | Create | Knight |
| 22:22 | Create | Knight |
| 22:30 | Create | Villager (Male) |
| 22:45 | Research | Horse Collar |
| 23:08 | Create | Knight |
| 23:19 | Research | Husbandry |
| 23:32 | Research | Forging |
| 23:41 | Build | Farm |
| 23:41 | Build | Farm |
| 23:53 | Build | Town Center |
| 23:55 | Create | Villager (Male) |
| 23:59 | Create | Knight |
| 24:17 | Create | Knight |
| 24:17 | Create | Knight |
| 24:20 | Create | Villager (Male) |
| 24:20 | Create | Villager (Male) |
| 24:35 | Create | Villager (Male) |
| 24:46 | Create | Knight |
| 24:47 | Create | Knight |
| 24:55 | Build | Farm |
| 24:55 | Build | Farm |
| 24:55 | Build | Farm |
| 24:55 | Build | Farm |
| 24:56 | Build | Farm |
Build order — Lorenzo_Medici
First 150 of 258 actions detected
| 0:00 | Create | Villager (Male) |
| 0:01 | Create | Villager (Male) |
| 0:01 | Create | Villager (Male) |
| 0:01 | Create | Villager (Male) |
| 0:01 | Create | Villager (Male) |
| 0:03 | Build | House |
| 0:05 | Build | House |
| 1:27 | Create | Villager (Male) |
| 1:51 | Build | Lumber Camp |
| 2:13 | Create | Villager (Male) |
| 2:32 | Create | Villager (Male) |
| 2:33 | Create | Villager (Male) |
| 2:51 | Create | Villager (Male) |
| 3:06 | Create | Villager (Male) |
| 3:34 | Build | House |
| 3:48 | Create | Villager (Male) |
| 3:49 | Create | Villager (Male) |
| 4:06 | Build | Mill |
| 4:17 | Create | Villager (Male) |
| 4:17 | Create | Villager (Male) |
| 4:41 | Create | Villager (Male) |
| 4:42 | Create | Villager (Male) |
| 4:57 | Create | Villager (Male) |
| 5:28 | Build | House |
| 5:47 | Create | Villager (Male) |
| 5:47 | Create | Villager (Male) |
| 5:48 | Create | Villager (Male) |
| 5:48 | Create | Villager (Male) |
| 6:15 | Create | Villager (Male) |
| 7:01 | Build | Barracks |
| 7:04 | Research | Loom |
| 7:20 | Research | Feudal Age |
| 8:00 | Build | Mining Camp |
| 8:01 | Create | Militia |
| 8:01 | Create | Militia |
| 8:01 | Create | Militia |
| 8:21 | Build | House |
| 9:03 | Build | Palisade Wall |
| 9:06 | Create | Militia |
| 9:09 | Create | Villager (Male) |
| 9:10 | Create | Villager (Male) |
| 9:13 | Create | Militia |
| 9:13 | Create | Militia |
| 9:25 | Create | Villager (Male) |
| 9:31 | Build | House |
| 9:34 | Build | House |
| 9:39 | Age | Feudal Age |
| 9:41 | Research | Double-Bit Axe |
| 9:49 | Create | Villager (Male) |
| 9:55 | Build | House |
| 9:59 | Build | Palisade Wall |
| 10:08 | Build | Palisade Wall |
| 10:16 | Create | Villager (Male) |
| 10:20 | Build | Farm |
| 10:31 | Build | Palisade Gate |
| 11:14 | Build | Blacksmith |
| 11:16 | Create | Militia |
| 11:17 | Create | Militia |
| 12:00 | Create | Villager (Male) |
| 12:00 | Create | Villager (Male) |
| 12:01 | Create | Villager (Male) |
| 12:01 | Create | Villager (Male) |
| 12:04 | Build | House |
| 12:09 | Build | Farm |
| 12:09 | Build | Farm |
| 12:10 | Build | Farm |
| 12:29 | Build | Lumber Camp |
| 12:37 | Create | Villager (Male) |
| 12:38 | Create | Villager (Male) |
| 13:00 | Create | Villager (Male) |
| 13:05 | Create | Militia |
| 13:15 | Research | Arson |
| 13:24 | Build | Archery Range |
| 13:26 | Build | House |
| 13:40 | Build | Palisade Gate |
| 13:44 | Build | Palisade Wall |
| 14:15 | Create | Villager (Male) |
| 14:15 | Create | Villager (Male) |
| 14:15 | Create | Villager (Male) |
| 14:18 | Build | Farm |
| 14:18 | Build | Farm |
| 14:18 | Build | Farm |
| 14:26 | Build | Farm |
| 14:27 | Create | Villager (Male) |
| 14:27 | Create | Villager (Male) |
| 14:31 | Research | Scale Mail Armor |
| 14:50 | Build | Farm |
| 15:02 | Create | Skirmisher |
| 15:02 | Create | Skirmisher |
| 15:05 | Create | Villager (Male) |
| 15:12 | Build | Farm |
| 15:15 | Build | Farm |
| 15:16 | Create | Villager (Male) |
| 15:27 | Research | Horse Collar |
| 15:34 | Create | Villager (Male) |
| 15:36 | Build | Farm |
| 16:01 | Create | Skirmisher |
| 16:01 | Create | Skirmisher |
| 16:03 | Create | Militia |
| 16:03 | Create | Militia |
| 16:09 | Build | Farm |
| 16:14 | Build | Farm |
| 16:22 | Build | Farm |
| 16:37 | Create | Villager (Male) |
| 16:38 | Create | Villager (Male) |
| 16:40 | Create | Skirmisher |
| 16:40 | Create | Skirmisher |
| 16:48 | Research | Padded Archer Armor |
| 16:55 | Build | Farm |
| 16:58 | Build | Farm |
| 17:06 | Build | Farm |
| 17:08 | Create | Villager (Male) |
| 17:08 | Create | Villager (Male) |
| 17:14 | Build | Farm |
| 17:49 | Create | Militia |
| 17:49 | Create | Militia |
| 18:24 | Create | Villager (Male) |
| 18:25 | Create | Villager (Male) |
| 18:44 | Create | Villager (Male) |
| 19:01 | Create | Villager (Male) |
| 19:13 | Build | Market |
| 19:16 | Build | Farm |
| 19:22 | Create | Villager (Male) |
| 19:25 | Build | Farm |
| 19:26 | Build | Farm |
| 19:31 | Build | Farm |
| 19:32 | Build | Farm |
| 19:38 | Create | Villager (Male) |
| 19:43 | Build | Farm |
| 19:46 | Build | Farm |
| 20:06 | Create | Villager (Male) |
| 20:19 | Research | Castle Age |
| 20:22 | Create | Skirmisher |
| 20:22 | Create | Skirmisher |
| 20:39 | Build | Barracks |
| 20:48 | Create | Villager (Male) |
| 20:51 | Create | Militia |
| 20:52 | Create | Militia |
| 20:52 | Create | Militia |
| 20:56 | Create | Skirmisher |
| 20:56 | Create | Skirmisher |
| 21:20 | Build | House |
| 21:21 | Build | House |
| 21:31 | Build | House |
| 21:32 | Build | House |
| 21:37 | Build | House |
| 21:56 | Research | Forging |
| 21:59 | Research | Fletching |
| 22:04 | Create | Skirmisher |
| 22:07 | Create | Militia ×5 |
Match timeline
| 7:01 | Lorenzo_Medici · first_building Barracks |
| 7:22 | CTM | Crawly94 · first_building Barracks |
| 8:21 | CTM | Crawly94 · wall_segment Palisade Wall x13 |
| 9:03 | Lorenzo_Medici · wall_segment Palisade Wall x3 |
| 9:17 | CTM | Crawly94 · age_up feudal |
| 9:39 | Lorenzo_Medici · age_up feudal |
| 9:43 | CTM | Crawly94 · wall_segment Palisade Wall x4 |
| 9:59 | Lorenzo_Medici · wall_segment Palisade Wall x8 |
| 10:08 | Lorenzo_Medici · wall_segment Palisade Wall x5 |
| 10:37 | CTM | Crawly94 · wall_segment Palisade Wall x6 |
| 10:40 | CTM | Crawly94 · wall_segment Palisade Wall x10 |
| 12:55 | CTM | Crawly94 · first_building Archery Range |
| 13:24 | Lorenzo_Medici · first_building Archery Range |
| 13:44 | Lorenzo_Medici · wall_segment Palisade Wall x1 |
| 17:07 | CTM | Crawly94 · wall_segment Palisade Wall x1 |
| 18:48 | CTM | Crawly94 · first_market_sell 100 wood |
| 18:49 | CTM | Crawly94 · first_market_buy 100 food |
| 19:46 | CTM | Crawly94 · first_building Stable |
| 20:12 | Lorenzo_Medici · first_market_buy 100 food |
| 22:06 | CTM | Crawly94 · age_up castle |
| 22:59 | Lorenzo_Medici · age_up castle |
| 25:24 | Lorenzo_Medici · first_building Siege Workshop |
| 28:18 | Lorenzo_Medici · first_building Krepost |
| 28:46 | CTM | Crawly94 · wall_segment Stone Wall x6 |
| 28:49 | Lorenzo_Medici · wall_segment Stone Wall x1 |
| 29:49 | Lorenzo_Medici · first_building Monastery |
| 37:36 | CTM | Crawly94 · first_building Siege Workshop |
| 39:00 | Lorenzo_Medici · resign |
[ AI ANALYSIS · 1 CREDIT ]
What really happened in this match?
Wolo.gg analyzes every decision: build order, eco, micro, common mistakes by bracket. Personalized analysis on WhatsApp or Discord in 30 seconds.
Civ guide
Spanish
Perfil
CTM | Crawly94